 Dungeon Crawl Stone Soup version 0.27.0-1-g7a089689b8 (webtiles) character file.

Game seed: 3893002382618114768

21322 Demosthentine the Spear-Bearer (level 12, -12/100 HPs)
             Began as a Merfolk Gladiator on Aug 2, 2021.
             Was a High Priest of the Shining One.
             Shot with an arrow by Nessos (15 damage)
             ... on level 13 of the Dungeon on Aug 3, 2021.
             The game lasted 00:17:49 (16551 turns).

Demosthentine the Spear-Bearer (Merfolk Gladiator) Turns: 16551, Time: 00:17:50

Health: -12/100    AC:  9    Str: 17    XL:     12   Next: 88%
Magic:  17/17      EV: 23    Int: 11    God:    the Shining One [*****.]
Gold:   546        SH:  0    Dex: 23    Spells: 11/11 levels left

rFire    . . .     SeeInvis .   a - +1 trident (flame)
rCold    . . .     Faith    .   f - +0 buckler
rNeg     + + .     Spirit   .   k - +0 troll leather armour
rPois    .         Reflect  .   e - +1 helmet {Int+3}
rElec    .         Harm     .   c - +1 cloak
rCorr    .         Rampage  .   (no gloves)
Will     .....                  (no boots)
Stlth    +.........             l - amulet of the acrobat
HPRegen  1.26/turn              A - +6 ring of dexterity
MPRegen  0.15/turn              (no ring)

@: confused, lethally poisoned (-12 -> -14), divinely shielded, ambrosia-drunk,
glowing
A: (nimble swimmer 2), mertail
a: Renounce Religion, Divine Shield, Cleansing Flame, Summon Divine Warrior


You were on level 13 of the Dungeon.
You worshipped the Shining One.
The Shining One was extremely pleased with you.
You visited 2 branches of the dungeon, and saw 14 of its levels.
You also visited: Sewer.

You collected 768 gold pieces.
You spent 222 gold pieces at shops.

Inventory:

Hand Weapons
 a - a +1 trident of flaming (weapon)
 b - a +4 trident
Missiles
 j - 2 throwing nets (quivered)
Armour
 c - a +1 cloak (worn)
 e - a +1 helmet of intelligence (worn)
 f - a +0 buckler (worn)
 k - a +0 troll leather armour (worn)
Jewellery
 l - an amulet of the acrobat (around neck)
 A - a +6 ring of dexterity (left hand)
Wands
 r - a wand of mindburst (10)
 u - a wand of iceblast (6)
 w - a wand of paralysis (19)
 B - a wand of acid (4)
 G - a wand of polymorph (9)
Scrolls
 d - 2 scrolls of amnesia
 g - a scroll of teleportation
 q - 2 scrolls of fog
 s - 2 scrolls of summoning
 x - 4 scrolls of enchant armour
 y - 4 scrolls of magic mapping
 C - 2 scrolls of identify
 E - a scroll of holy word
Potions
 h - 2 potions of flight
 i - 3 potions of haste
 m - 2 potions of resistance
 n - a potion of might
 p - 2 potions of lignification
 t - a potion of cancellation
 D - 2 potions of brilliance
Miscellaneous
 v - a piece from Xom's chessboard (15/15)
 z - a piece from Xom's chessboard (15/15)


   Skills:
 + Level 11.5 Fighting
 + Level 14.6 Polearms
 - Level 2.0 Throwing
 - Level 5.8 Armour
 + Level 13.6 Dodging
 - Level 4.0 Shields
 + Level 7.6 Invocations


You had 11 spell levels left.
You didn't know any spells.
Your spell library contained the following spells:

 Spells                   Type           Power      Damage    Failure   Level
 Animate Skeleton         Necr           0%         N/A       38%         1
 Apportation              Tloc           0%         N/A       38%         1
 Corona                   Hex            0%         N/A       38%         1
 Magic Dart               Conj           0%         1d3       38%         1
 Summon Small Mammal      Summ           0%         N/A       38%         1
 Searing Ray              Conj           0%         3d3       54%         2
 Slow                     Hex            0%         N/A       54%         2
 Confusing Touch          Hex            0%         N/A       77%         3
 Gell's Gravitas          Tloc           0%         N/A       77%         3
 Lesser Beckoning         Tloc           0%         N/A       77%         3
 Teleport Other           Tloc           0%         N/A       77%         3
 Fulminant Prism          Conj/Hex       0%         3d6       99%         4
 Yara's Violent Unravell  Hex/Tmut       0%         3d3       100%        5
 Dispersal                Tloc           0%         N/A       100%        6


Dungeon Overview and Level Annotations

Branches:
Dungeon (13/15)            Temple (1/1) D:4            Lair (0/6) D:9
    Orc (0/2) D:9           Sewer (visited)
 Vaults: D:13-14

Altars:
Ashenzari
Cheibriados
Dithmenos
Elyvilon
Fedhas
Gozag
Hepliaklqana
Kikubaaqudgha
Makhleb
Nemelex Xobeh
Okawaru
Qazlal
Ru
Sif Muna
Trog
Uskayaw
Vehumet
Wu Jian
Xom
Yredelemnul
Zin
The Shining One

Shops:
D:3 *

Portals:
Trove: D:10 (give +3 gold dragon scales)

Annotations:
D:13 Nessos


Innate Abilities, Weirdness & Mutations

((You are quick and stealthy near water. (Stealth+, EV+, Speed+++)))
Your lower body shifts to a powerful aquatic tail in water.


Message History

You feel very sick.
Nessos shoots an arrow.
The arrow completely misses you.
Nessos shoots an arrow.
You block the arrow.
You feel sick.
Nessos shoots an arrow.
The arrow misses you.
Reach: a) +1 trident (flame)
Press: ? - help, Dir - move target, f/p - Nessos
Aim: Nessos, wielding a +3 longbow of flaming, wearing a +1 barding of cold resistance and quivering arrows (lightly wounded, fast, haloed, about 8% to evade your +1 trident of flaming)
You hit Nessos. You burn Nessos.
Nessos is lightly wounded.
You feel sick.
Nessos unwields a +3 longbow of flaming.
It stops flaming.
Nessos hits you. You block Nessos's attack.
Unknown command.
You barely miss Nessos.
Nessos is lightly wounded.
You feel sick.
Nessos blinks!
Nessos wields a +3 longbow of flaming.
It bursts into flame!
Nessos shoots an arrow.
The arrow hits you. The arrow burns you.
You are more poisoned.
You feel very sick.
Nessos shoots an arrow.
You block the arrow.
Nessos shoots an arrow.
The arrow hits you!!
* * * LOW HITPOINT WARNING * * *
The arrow burns you!
* * * LOW HITPOINT WARNING * * *
Unknown command.
You feel better.
Nessos shoots an arrow.
The arrow hits you!
* * * LOW HITPOINT WARNING * * *
The arrow burns you.
You are poisoned.
* * * LOW HITPOINT WARNING * * *
Nessos shoots an arrow.
You block the arrow.
Unknown command.
You are confused.
You feel invigorated.
* * * LOW HITPOINT WARNING * * *
You feel very sick.
Nessos shoots an arrow.
The arrow barely misses you.
Nessos shoots an arrow.
The arrow hits you!
You die...

#######.............#
#......######.#####.#
#.####.# #........
###.# #..###... .c#.#
#..# #... #.#.#
#..###..# # #.#.#
#.......# #.##.#.#
#.##.##.# #...@..####
#†......#
####......###.[.....#
##§###.##<........
... ##..##.#... .....
............
##...##.##..##.....
##.### #..###.#.. ###
#... ..... #... ....


You could see Nessos (fast).

Vanquished Creatures
  Harold (D:8)
  A boulder beetle (D:12)
  A hydra (D:12)
  An ogre mage (D:12)
  A centaur warrior (D:10)
  2 two-headed ogres
  Nergalle (D:12)
  A wizard (D:12)
  3 deep elf pyromancers (D:12)
  A cyclops (D:12)
  An ugly thing (D:12)
  2 manticores (D:12)
  2 unseen horrors
  4 kobold demonologists (D:12)
  A komodo dragon (D:9)
  4 trolls
  Prince Ribbit (D:8)
  3 hornets
  A centaur simulacrum (D:10)
  3 vampires
  3 wraiths
  3 shadows
  9 yaks
  A steam dragon (D:6)
  A basilisk (D:12)
  2 vampire mosquitoes (D:13)
  An acid dragon (D:8)
  Duvessa (D:7)
  5 orc warriors
  3 ogres
  An ice beast (D:5)
  2 necrophages
  A black bear (D:7)
  3 wolves (D:9)
  10 centaurs
  2 phantoms (D:9)
  7 kobold brigands
  3 bullfrogs
  A water moccasin zombie (D:5)
  4 scorpions
  Dowan (D:7)
  A wyvern zombie (D:4)
  3 troll zombies (D:9)
  A killer bee (D:10)
  3 howler monkeys
  5 wights (D:10)
  6 electric eels (D:9)
  2 bullfrog zombies
  A crimson imp (D:10)
  2 centaur zombies
  A jelly (D:8)
  5 hounds
  10 orc priests
  A centaur skeleton (D:6)
  2 gnoll shamans
  Ijyb (D:4)
  Terence (D:3)
  7 iguanas
  6 orc wizards
  A killer bee zombie (D:9)
  4 ogre zombies (D:9)
  3 hound skeletons
  A howler monkey skeleton (D:4)
  A howler monkey zombie (D:9)
  16 gnolls
  6 adders
  2 white imps
  An adder skeleton (D:4)
  3 worms (Sewer)
  3 dart slugs
  24 orcs
  6 ball pythons
  7 endoplasms
  6 giant cockroaches
  14 goblins
  5 hobgoblins
  22 kobolds
  2 quokkas
  7 bats
  7 frilled lizards
  3 goblin zombies (D:9)
  3 hobgoblin zombies (D:9)
  3 orc skeletons (D:9)
  15 orc zombies (D:9)
  6 rats
328 creatures vanquished.

Vanquished Creatures (others)
  A hobgoblin zombie (D:9)
  10 plants
11 creatures vanquished.

Grand Total: 339 creatures vanquished

Notes
Turn   | Place    | Note
-------+----------+-------------------------------------------
     0 | D:1      | Demosthentine the Merfolk Gladiator began the quest for the
                  | Orb.
     0 | D:1      | Reached XP level 1. HP: 16/16 MP: 1/1
    47 | D:1      | Reached XP level 2. HP: 8/23 MP: 2/2
   272 | D:1      | You fall into a shaft and drop 1 floor!
   697 | D:2      | Reached XP level 3. HP: 28/28 MP: 3/3
  1533 | D:2      | Found a faded altar of an unknown god.
  1959 | D:2      | Reached skill level 5 in Polearms
  2358 | D:3      | Noticed Terence
  2367 | D:3      | Reached skill level 1 in Armour
  2372 | D:3      | Reached XP level 4. HP: 28/35 MP: 4/4
  2386 | D:3      | Killed Terence
  2738 | D:3      | Reached skill level 5 in Dodging
  2750 | D:3      | Reached XP level 5. HP: 36/41 MP: 5/5
  3077 | D:3      | Found Jeufoz's Assorted Antiques.
  3081 | D:3      | Bought an orange potion for 23 gold pieces
  3081 | D:3      | Bought a sedimented grey potion for 23 gold pieces
  3284 | D:3      | Reached skill level 6 in Polearms
  3284 | D:3      | Reached XP level 6. HP: 13/48 MP: 6/6
  3866 | D:4      | Found a white marble altar of Elyvilon.
  3959 | D:4      | Found a staircase to the Ecumenical Temple.
  3976 | Temple   | Entered the Ecumenical Temple
  4193 | Temple   | Became a worshipper of the Shining One
  4227 | D:4      | Noticed Ijyb
  4240 | D:4      | Paralysed by Ijyb for 2 turns
  4248 | D:4      | Killed Ijyb
  4249 | D:4      | Reached skill level 1 in Shields
  4712 | D:5      | Entered Level 5 of the Dungeon
  4783 | D:5      | Found a glowing drain.
  4783 | D:5      | You fall into a shaft and drop 2 floors!
  4821 | D:6      | Reached XP level 7. HP: 15/54 MP: 7/7
  5009 | Sewer    | Entered a sewer
  5176 | Sewer    | Reached skill level 7 in Polearms
  5448 | Sewer    | Reached skill level 5 in Fighting
  5448 | Sewer    | Reached XP level 8. HP: 55/62 MP: 8/8
  5554 | Sewer    | Reached * piety under the Shining One
  6231 | D:5      | Reached skill level 8 in Polearms
  6759 | D:5      | Found a snail-covered altar of Cheibriados.
  6760 | D:5      | Found a sacrificial altar of Ru.
  6761 | D:5      | Found an iron altar of Okawaru.
  6762 | D:5      | Found an ancient bone altar of Kikubaaqudgha.
  6932 | D:3      | Bought a scroll labelled BAMPIU FEUBLEF for 26 gold pieces
  6932 | D:3      | Bought a scroll labelled JEEFAN LETU for 26 gold pieces
  6932 | D:3      | Bought 2 bubbling emerald potions for 46 gold pieces
  6932 | D:3      | Bought a scroll of teleportation for 78 gold pieces
  7317 | D:6      | Reached XP level 9. HP: 64/69 MP: 9/9
  7478 | D:6      | Found an ornate altar of the Wu Jian Council.
  8208 | D:7      | Noticed Duvessa
  8208 | D:7      | Noticed Dowan
  8225 | D:7      | Killed Duvessa
  8226 | D:7      | Reached skill level 9 in Polearms
  8234 | D:7      | Killed Dowan
  8481 | D:7      | Found a burning altar of Makhleb.
  8828 | D:8      | Noticed Prince Ribbit
  8840 | D:8      | Killed Prince Ribbit
  9002 | D:8      | Reached ** piety under the Shining One
  9006 | D:8      | Reached skill level 10 in Polearms
  9162 | D:8      | You fall into a shaft and drop 2 floors!
  9162 | D:10     | Entered Level 10 of the Dungeon
  9163 | D:10     | You fall into a shaft and drop 2 floors!
  9164 | D:12     | Noticed Nergalle
  9169 | D:12     | Noticed a cyclops
  9169 | D:12     | Noticed an eight-headed hydra
  9169 | D:12     | Noticed a manticore
  9169 | D:12     | Noticed an ogre mage
  9173 | D:12     | Noticed a deep elf pyromancer
  9179 | D:12     | Noticed a troll
  9186 | D:12     | Killed a troll
  9187 | D:12     | Reached XP level 10. HP: 46/79 MP: 10/10
  9303 | D:12     | Noticed a manticore
  9317 | D:12     | Killed a manticore
  9318 | D:12     | Reached skill level 5 in Armour
  9760 | D:12     | Reached skill level 10 in Dodging
 10003 | D:9      | Noticed a two-headed ogre
 10015 | D:9      | Killed a two-headed ogre
 10016 | D:9      | Reached skill level 11 in Polearms
 10114 | D:8      | Found a shimmering blue altar of Sif Muna.
 10114 | D:8      | Found an opulent altar of Gozag.
 10114 | D:8      | Found a bloodstained altar of Trog.
 10114 | D:8      | Found a radiant altar of Vehumet.
 10115 | D:8      | Found a sparkling altar of Nemelex Xobeh.
 10249 | D:8      | Noticed a cyclops
 10870 | D:8      | Noticed Harold
 10910 | D:8      | Killed Harold
 11396 | D:9      | Reached skill level 1 in Invocations
 11396 | D:9      | Reached XP level 11. HP: 51/89 MP: 11/11
 11485 | D:9      | Paralysed by a hornet for 2 turns
 11723 | D:9      | Reached skill level 12 in Polearms
 11759 | D:9      | Reached *** piety under the Shining One
 12486 | D:9      | Found a staircase to the Lair.
 12588 | D:9      | Reached **** piety under the Shining One
 12639 | D:9      | Found a staircase to the Orcish Mines.
 13050 | D:9      | Reached ***** piety under the Shining One
 13454 | D:10     | Noticed a centaur warrior
 13468 | D:10     | Killed a centaur warrior
 13693 | D:10     | Found a portal to a secret trove of treasure.
 14028 | D:10     | Reached skill level 10 in Fighting
 14297 | D:10     | Reached skill level 13 in Polearms
 14404 | D:11     | You fall into a shaft and drop 1 floor!
 14479 | D:12     | Noticed a boulder beetle
 14499 | D:12     | Killed a boulder beetle
 14500 | D:12     | Reached skill level 5 in Invocations
 14502 | D:12     | Killed a deep elf pyromancer
 14503 | D:12     | Reached XP level 12. HP: 52/98 MP: 14/16
 14607 | D:12     | Noticed a two-headed ogre
 14619 | D:12     | Killed a two-headed ogre
 14892 | D:12     | Killed an eight-headed hydra
 14897 | D:12     | Reached skill level 14 in Polearms
 15575 | D:11     | Paralysed by a hornet for 1 turns
 15807 | D:12     | Killed an ogre mage
 15836 | D:12     | Killed Nergalle
 16534 | D:13     | Noticed Nessos
 16550 | D:13     | HP: 1/100 [Nessos/arrow (5)]
 16551 | D:13     | Shot with an arrow by Nessos

Illustrated notes

Levels and vault maps discovered:
D:1:      psy_arrival_terrarium, layout_basic
D:2:      layout_basic, chequers_ecumenical_altar_grove, serial_forest,
          infiniplex_forest_lined_3, infiniplex_forest_lined_3_way,
          infiniplex_forest_end_1, infiniplex_forest_lined_1,
          infiniplex_forest_pool
D:3:      layout_basic, serial_shops, shop, uniq_terence
D:4:      layout_loops_ring, lemuel_doored_altar, minmay_temple_entry_mist,
          uniq_ijyb
D:5:      layout_loops_ring, mainiacjoe_overflow_alcove_3, gup_sewer_entry_glass
D:6:      layout_loops_ring, old_standard_altar, minmay_ogre_servants
D:7:      layout_rooms, makhleb_blood_cavern_becter, uniq_duvessa
D:8:      layout_basic, grunt_temple_overflow_open, lightli_corner_chamber,
          uniq_harold, uniq_prince_ribbit1
D:9:      layout_long_grid, erik_lair_island, zombieorc2_lemuel, abandoned_shop,
          minmay_lizard_king
D:10:     layout_gridville, nicolae_trove_entry_free_sample, minivault_25_ag,
          minmay_fire_ice_demons
D:11:     layout_cave_pods
D:12:     minmay_the_grid_triangle_9x9_rhombus_thin
          [minmay_the_grid_triangle_9x9_negative_grid,
          minmay_the_grid_triangle_9x9_prize_schism,
          minmay_the_grid_triangle_9x9_sprig,
          minmay_the_grid_triangle_9x9_stretched_checkered], layout_cave_pods,
          kennysheep_nub, nzn_life_drinkers, uniq_nergalle
D:13:     layout_loops_corners, skrybe_vaults_entry_preservation,
          chequers_arboretum, uniq_kirke, uniq_nessos
Temple:   zaba_magenta_temple

Skill      XL: |  1  2  3  4  5  6  7  8  9 10 11 12 |
---------------+-------------------------------------+-----
Polearms       | 5 6 7 8 10 11 13 14 | 14.6
Fighting       | 3 4 5 6 7 9 10 11 | 11.5
Armour         | 1 2 3 4 5 |  5.8
Dodging        | 5 6 7 9 10 12 13 | 13.6
Shields        | 1 2 3 4 |  4.0
Invocations    | 1 5 7 |  7.6
Throwing       | |  2.0

Action                   |  1- 3 |  4- 6 |  7- 9 | 10-12 || total
-------------------------+-------+-------+-------+-------++-------
Melee: Trident           |   101 |   201 |   396 |   854 ||  1552
       Tailslap          |       |     1 |     8 |     9 ||    18
Throw: Throwing net      |       |       |     3 |     4 ||     7
Invok: Divine Shield     |       |       |       |     1 ||     1
Evoke: Wand              |       |       |       |     2 ||     2
  Use: Scroll            |     3 |     3 |    15 |     7 ||    28
       Potion            |       |     2 |     1 |     6 ||     9
 Stab: Sleeping          |     3 |     1 |       |       ||     4
Armor: Leather armour    |    25 |    38 |    67 |    17 ||   147
       Troll leather arm |       |       |       |    40 ||    40
Dodge: Dodged            |    41 |    89 |   179 |   500 ||   809
Block: Buckler           |       |       |    26 |   138 ||   164
